 Dungeon Crawl Stone Soup version 0.29-a0-1008-g949cc1d0fb (webtiles) character file.

Game seed: 9779149348577109574

669 Ajdolov the Cleaver (level 7, -1/62 HPs)
             Began as a Hill Orc Monk on Aug 7, 2022.
             Was a Believer of the Shining One.
             Slain by an ice beast (14 damage)
             ... on level 5 of the Dungeon.
             The game lasted 00:06:08 (5555 turns).

Ajdolov the Cleaver (Hill Orc Monk)                 Turns: 5555, Time: 00:06:08

Health: -1/62      AC:  2    Str: 22    XL:     7   Next: 58%
Magic:  7/7        EV:  8    Int: 10    God:    the Shining One [**....]
Gold:   204        SH:  0    Dex: 13    Spells: 6/6 levels left

rFire   . . .      SeeInvis .   a - +0 hand axe
rCold   . . .      Faith    .   (no shield)
rNeg    + . .      Spirit   .   b - +0 chain mail
rPois   .          Reflect  .   m - +0 helmet
rElec   .          Harm     .   (no cloak)
rCorr   .          Rampage  .   (no gloves)
Will    .....                   j - +0 pair of boots
Stlth   ..........              (no amulet)
HPRegen 0.20/turn               v - +6 ring of strength
MPRegen 0.10/turn               (no ring)

@: corroded, glowing
A: no striking features
a: Renounce Religion, Divine Shield


You were on level 5 of the Dungeon.
You worshipped the Shining One.
The Shining One was pleased with you.
You visited 2 branches of the dungeon, and saw 6 of its levels.

You collected 204 gold pieces.

Inventory:

Hand Weapons
 a - a +0 hand axe (weapon)
 w - a +4 vorpal flail
Armour
 b - a +0 chain mail (worn)
 j - a +0 pair of boots (worn)
 m - a +0 helmet (worn)
Jewellery
 v - a +6 ring of strength (left hand)
Scrolls
 d - a scroll of vulnerability {unknown}
 e - 3 scrolls of brand weapon {unknown}
 g - 2 scrolls of poison {unknown}
 i - 3 scrolls of amnesia {unknown}
 l - a scroll of enchant armour {unknown}
 s - a scroll of teleportation {unknown}
 t - a scroll of torment {unknown}
 x - a scroll of fog {unknown}
 y - a scroll of magic mapping {unknown}
 z - a scroll of identify {unknown}
Potions
 c - a potion of haste {unknown}
 f - a potion of curing
 h - a potion of resistance {unknown}
 k - a potion of might {unknown}
 o - a potion of magic {unknown}
 p - 2 potions of mutation {unknown}
 q - a potion of lignification {unknown}
 r - a potion of berserk rage {unknown}
 u - a potion of heal wounds {unknown}


   Skills:
 + Level 5.9 Fighting
 * Level 10.0 Axes
 - Level 2.4 Dodging
 - Level 1.5 Stealth


You had 6 spell levels left.
You didn't know any spells.
Your spell library contained the following spells:

 Spells                   Type           Power      Damage    Failure   Level
 Blink                    Tloc           0%         N/A       99%         2
 Ensorcelled Hibernation  Hex/Ice        0%         N/A       99%         2
 Passwall                 Tmut/Erth      0%         N/A       99%         2
 Gell's Gravitas          Tloc           0%         N/A       100%        3
 Lesser Beckoning         Tloc           0%         N/A       100%        3
 Ozocubu's Armour         Ice            0%         N/A       100%        3
 Swiftness                Air            0%         N/A       100%        3
 Teleport Other           Tloc           0%         N/A       100%        3
 Hailstorm                Conj/Ice       0%         3d3       100%        4
 Metabolic Englaciation   Hex/Ice        0%         N/A       100%        5
 Simulacrum               Ice/Necr       0%         N/A       100%        6
 Disjunction              Tloc           0%         N/A       100%        8


Dungeon Overview and Level Annotations

Branches:
Dungeon (5/15)             Temple (1/1) D:4

Altars:
Ashenzari
Cheibriados
Dithmenos
Elyvilon
Fedhas
Hepliaklqana
Kikubaaqudgha
Makhleb
Nemelex Xobeh
Okawaru
Qazlal
Ru
Sif Muna
Trog
Vehumet
Wu Jian
Xom
Yredelemnul
Zin
The Shining One

Shops:
D:1 [   D:2 *


Message History

You kill the jelly!
Your Axes skill increases to level 10!
Things that are here:
a +0 spear; a gnoll corpse A scorpion comes into view.
Found a scroll labelled HEDOTI YRYT BEU.
The scorpion attacks as you move away! The scorpion misses you.
You are too injured to fight recklessly!
You hit the scorpion but do no damage. You hit the ice beast but do no damage.
The ice beast closely misses you. The scorpion stings you.
* * * LOW HITPOINT WARNING * * *
You hit the scorpion.
The scorpion is lightly wounded.
You hit the ice beast but do no damage.
The ice beast hits you but does no damage.
The scorpion stings you.
* * * LOW HITPOINT WARNING * * *
Unknown command.
You are confused.
You feel invigorated. The scorpion closely misses you.
The ice beast barely misses you.
You bump into the stone wall.
The scorpion stings you!
* * * LOW HITPOINT WARNING * * *
The ice beast hits you.
* * * LOW HITPOINT WARNING * * *
The ice beast freezes you!
* * * LOW HITPOINT WARNING * * *
You bump into the stone wall.
The scorpion stings you.
* * * LOW HITPOINT WARNING * * *
You are lethally poisoned!
The scorpion poisons you! The ice beast hits you.
* * * LOW HITPOINT WARNING * * *
The ice beast freezes you! The Shining One protects you from harm!
The scorpion stings you but does no damage.
It was a potion of curing.
You feel better.
You feel less invigorated. The ice beast hits you.
* * * LOW HITPOINT WARNING * * *
The ice beast freezes you!
You die...

#.# ...#. #...#...#J..#
#.### ... #.### #...).#.##
#.#.##. .###...###..)###..
#.#>#.###.#.....#.###.# ....
###..#...#..[# #)..#
..#...#..
...<.#...#...#####†..#
..##### .
...).#...#...#...#)).# ..#
......#.###.#...)Y#.###.#.
......##...###..@###...###.
......#.....#.###s#.....# #
####...#...#...#...#...#...#
#...#####...#...##### ..#
##..# #...#...# # #.#.
.#.###.#. ####. .###. .###.
# ..? # ..


You could see an ice beast and a scorpion.

Vanquished Creatures
  An ogre (D:5)
  A gnoll sergeant (D:5)
  A scorpion (D:4)
  2 orc priests (D:5)
  A jelly (D:5)
  An orc wizard (D:3)
  2 iguanas
  11 gnolls
  5 adders
  An ufetubus (D:4)
  2 worms
  A dart slug (D:3)
  15 orcs
  7 bats
  7 endoplasms
  10 goblins
  9 hobgoblins
  2 jackals (D:1)
  9 quokkas
  7 ball pythons
  4 frilled lizards
  3 giant cockroaches
  12 kobolds
  6 rats
120 creatures vanquished.

Vanquished Creatures (others)
  A plant (D:1)
1 creature vanquished.

Grand Total: 121 creatures vanquished

Notes
Turn   | Place    | Note
-------+----------+-------------------------------------------
     0 | D:1      | Ajdolov the Hill Orc Monk began the quest for the Orb.
     0 | D:1      | Reached XP level 1. HP: 19/19 MP: 1/1
    47 | D:1      | Reached XP level 2. HP: 25/26 MP: 2/2
    93 | D:1      | Found Wyzyn's Antique Armour Emporium.
   399 | D:1      | Reached skill level 5 in Axes
   580 | D:1      | Found a faded altar of an unknown god.
   656 | D:1      | Reached XP level 3. HP: 28/31 MP: 3/3
  1498 | D:2      | Reached skill level 6 in Axes
  2092 | D:2      | Reached XP level 4. HP: 39/39 MP: 4/4
  2310 | D:2      | Found Pemaew's General Store.
  2415 | D:2      | Found a shimmering altar of Xom.
  2850 | D:3      | Reached skill level 7 in Axes
  3487 | D:3      | Reached XP level 5. HP: 46/46 MP: 5/5
  4344 | D:4      | Reached skill level 8 in Axes
  4344 | D:4      | Reached XP level 6. HP: 49/53 MP: 6/6
  4389 | D:4      | Found a shimmering blue altar of Sif Muna.
  4390 | D:4      | Found a broken altar of Ashenzari.
  4390 | D:4      | Found an ancient bone altar of Kikubaaqudgha.
  4392 | D:4      | Found a glowing golden altar of the Shining One.
  4412 | D:4      | Became a worshipper of the Shining One
  4412 | D:4      | Reached * piety under the Shining One
  4412 | D:4      | Reached ** piety under the Shining One
  4763 | D:4      | Got the Catalogue of the Polar Wayfarer
  4837 | D:4      | Found a staircase to the Ecumenical Temple.
  5055 | Temple   | Entered the Ecumenical Temple
  5262 | D:5      | Entered Level 5 of the Dungeon
  5272 | D:5      | Reached skill level 5 in Fighting
  5281 | D:5      | Reached skill level 9 in Axes
  5281 | D:5      | Reached XP level 7. HP: 30/61 MP: 7/7
  5543 | D:5      | Reached skill level 10 in Axes
  5553 | D:5      | HP: 3/62 [ice beast (9)]
  5554 | D:5      | The Shining One protects you from harm!
  5555 | D:5      | Slain by an ice beast

Illustrated notes

Levels and vault maps discovered:
D:1:      heliophobic_arrival_enchanted_forest, layout_loops_cross,
          hellmonk_ecumenical_altar_slurped_away, serial_shops,
          nicolae_shop_overgrown_old_shop
D:2:      minmay_skewed_foursquare, layout_basic, basic_altar, serial_shops,
          nicolae_shop_competitors_out_of_business
D:3:      layout_basic
D:4:      layout_basic, grunt_temple_overflow_open,
          minmay_temple_entry_glassed_door, minivault_11
D:5:      nicolae_cairo_tiling, layout_rooms,
          mainiacjoe_overflow_concentric_impassable, nicolae_shop_self_help,
          uniq_duvessa
Temple:   nicolae_temple_elliptical

Skill      XL: |  1  2  3  4  5  6  7 |
---------------+----------------------+-----
Axes           | 5 6 7 8 9 10 | 10.0
Fighting       | 4 5 |  5.9
Dodging        | |  2.4
Stealth        | |  1.5

Action                   |  1- 3 |  4- 6 |  7- 9 || total
-------------------------+-------+-------+-------++-------
Melee: Hand axe          |   153 |   237 |    59 ||   449
       Punch             |     1 |     1 |     1 ||     3
  Use: Potion            |     1 |       |     2 ||     3
 Stab: Sleeping          |     5 |     5 |       ||    10
Armor: Robe              |    43 |    15 |       ||    58
       Chain mail        |       |    67 |    25 ||    92
       Ring mail         |       |     6 |       ||     6
Dodge: Dodged            |   101 |   124 |    21 ||   246

Table legend: (Time is in decaauts)
 A = Elapsed time spent in this place.
 B = Non-inter-level travel time spent in this place.
 C = Inter-level travel time spent in this place.
 D = Time resting spent in this place.
 E = Time spent auto-exploring this place.
 F = Levels seen in this place.
 G = Mean time per level.
                   A        B        C        D        E       F      G
               +--------+--------+--------+--------+--------+-----+--------+
         Total |   5534 |   5403 |    131 |    928 |   3434 |   6 |  922.3 |
       Dungeon |   5353 |   5245 |    108 |    928 |   3292 |   5 | 1070.6 |
        Temple |    180 |    157 |     23 |      0 |    142 |   1 |  180.0 |
               +--------+--------+--------+--------+--------+-----+--------+

Top non-repeatable levels by time:
     D:2: 1469 daAuts
     D:1: 1408 daAuts
     D:3: 1300 daAuts
     D:4: 894 daAuts
     D:5: 280 daAuts
  Temple: 180 daAuts
